AoeStats
← Michi3052

Migration

509409531Analyzed
1v1 RM · 6d ago on Sep 26, 2026· 35m 49s· 2 players
Game mode
Random Map
Map size
132×132
Population
200
Speed
Normal
Resources
Standard
Victory
Conquest
Starting age
Dark Age
Ending age
Imperial Age
RankedLock teamsTeams togetherTeam positionsShared explorationLock speedFull tech treeHidden civsTurbo modeCheats
Victory
Defeat
🇪🇸 Burgundians · Spain
740
+17
🇨🇱 Vikings · Chile
756
-17
Michi3052
6:02 Wheelbarrow
5:18 Double-Bit Axe
10:28 Horse Collar
13:28 Feudal Age
12:10 Gold Mining
13:37 Fishing Lines
17:26 Loom
18:45 Hand Cart
21:22 Castle Age
20:05 Gold Shaft Mining
21:49 Cavalier
30:50 Husbandry
31:06 Forging
31:02 Scale Barding Armor
DonRockefeller
5:49 Loom
11:39 Feudal Age
12:11 Double-Bit Axe
12:10 Horse Collar
12:20 Fishing Lines
16:07 Gold Mining
23:38 Castle Age
23:00 Forging
22:51 Scale Mail Armor
22:57 Arson
23:40 Pikeman
26:03 Fletching
26:14 Padded Archer Armor
29:02 Gillnets
29:42 Bow Saw
33:18 Chieftains
34:20 Squires
35:03 Ballistics
35:29 Pikeman
Connection lost

Rejoining the realm…

Still unreachable

The connection could not be restored.

Session expired

The server has moved on; the page needs a fresh start.